Map: Dämmertürme

Players

Taurino - Winner!

  • Race: Protoss Protoss

K.I.-1 (Sehr leicht)

  • Race: Protoss Protoss

VOD

Have the link to the VOD?

Description

Time

  • Played on: June 21, 2016, 6:25 p.m.
  • Length: 7:34
Show
View Real Time Build Order
Export as new Build Order

Taurino Protoss - Winner!

Build Orders: 1 Gate Expand, Dark Templar Rush 

Get SALT Encoding   

  12  0:03  Probe (Chrono Boost)  
  13  0:13  Probe (Chrono Boost)  
  14  0:24  Probe (Chrono Boost)  
  14  0:25  Pylon  
  15  0:43  Probe (Chrono Boost), Gateway  
  15  0:46  Assimilator  
  16  0:54  Probe (Chrono Boost)  
  18  1:04  Probe (Chrono Boost)  
  18  1:15  Probe (Chrono Boost)  
  19  1:23  Nexus  
  19  1:25  Probe (Chrono Boost)  
  20  1:33  Cybernetics Core  
  20  1:39  Probe (Chrono Boost)  
  21  1:42  Assimilator  
  21  1:50  Pylon  
  21  1:52  Probe (Chrono Boost)  
  22  2:02  Probe (Chrono Boost)  
  23  2:10  Adept, Warp Gate  
  23  2:13  Probe (Chrono Boost)  
  26  2:23  Probe (Chrono Boost)  
  26  2:24  Robotics Facility  
  27  2:34  Probe (Chrono Boost)  
  28  2:39  Probe (Chrono Boost)  
  28  2:44  Probe (Chrono Boost), Twilight Council  
  29  2:49  Probe (Chrono Boost)  
  31  2:55  Probe (Chrono Boost)  
  32  3:00  Probe (Chrono Boost)  
  35  3:06  Mothership Core (Chrono Boost)  
  35  3:09  Probe (Chrono Boost)  
  35  3:11  Warp Prism (Chrono Boost)  
  38  3:19  Probe (Chrono Boost)  
  38  3:26  Dark Shrine  
  39  3:30  Probe (Chrono Boost)  
  39  3:33  Probe (Chrono Boost)  
  42  3:41  Probe (Chrono Boost)  
  42  3:44  Probe (Chrono Boost), Gateway  
  42  3:45  Gateway  
  43  3:52  Probe (Chrono Boost)  
  43  3:54  Probe (Chrono Boost)  
  46  3:55  Observer  
  46  4:02  Assimilator  
  46  4:03  Assimilator  
  46  4:08  Pylon  
  46  4:26  Probe x2 (Chrono Boost), Observer, Nexus  
  46  4:30  Pylon  
  49  4:37  Probe (Chrono Boost)  
  51  4:38  Probe (Chrono Boost)  
  51  4:45  Adept  
  53  4:50  Dark Templar  
  53  4:54  Probe x2 (Chrono Boost)  
  53  4:55  Dark Templar x2  
  59  5:05  Probe (Chrono Boost)  
  60  5:08  Forge  
  60  5:09  Forge  
  60  5:12  Pylon  
  60  5:13  Pylon  
  60  5:15  Pylon  
  60  5:20  Probe x2 (Chrono Boost)  
  62  5:26  Assimilator  
  62  5:30  Probe (Chrono Boost)  
  62  5:31  Assimilator  
  62  5:33  Gateway  
  62  5:35  Gateway x2  
  63  5:38  Probe (Chrono Boost)  
  63  5:40  Probe (Chrono Boost)  
  63  5:42  Protoss Ground Armor Level 1 (Chrono Boost), Protoss Ground Weapons Level 1 (Chrono Boost)  
  65  5:51  Probe (Chrono Boost)  
  65  5:52  Probe (Chrono Boost)  
  65  5:53  Probe (Chrono Boost)  
  68  6:02  Probe x2 (Chrono Boost), Gateway x2  
  68  6:03  Probe (Chrono Boost)  
  71  6:13  Probe x2 (Chrono Boost)  
  71  6:14  Probe (Chrono Boost)  
  74  6:26  Adept x3  
  74  6:27  Probe (Chrono Boost)  
  74  6:28  Probe (Chrono Boost)  
  74  6:30  Probe (Chrono Boost)  
  83  6:37  Stalker  
  83  6:38  Probe (Chrono Boost), Adept x2  
  90  6:48  Stalker  
  90  6:49  Sentry  
  90  6:50  Stalker  
  90  6:53  Probe x2 (Chrono Boost)  
  98  6:54  Probe (Chrono Boost)  
  99  7:04  Probe  
  99  7:05  Probe  
  101  7:09  Nexus  
  101  7:11  Pylon  
  101  7:14  Pylon  
  101  7:16  Templar Archives  
  101  7:21  Gateway  
  101  7:22  Gateway  
  101  7:25  Assimilator  
  101  7:29  Pylon, Assimilator  
  105  7:30  Pylon  
Show
View Real Time Build Order
Export as new Build Order

K.I.-1 (Sehr leicht) Protoss 

Build Orders:  

Get SALT Encoding   

  12  0:01  Probe (Chrono Boost)  
  13  0:11  Probe (Chrono Boost)  
  14  0:20  Pylon  
  14  0:36  Assimilator  
  14  0:42  Gateway  
  14  0:47  Pylon  
  14  1:14  Assimilator  
  14  1:20  Probe (Chrono Boost)  
  15  1:30  Cybernetics Core, Probe (Chrono Boost)  
  16  1:41  Probe (Chrono Boost)  
  17  1:52  Probe (Chrono Boost)  
  18  1:55  Warp Gate  
  18  2:03  Probe (Chrono Boost)  
  18  2:05  Stalker  
  21  2:14  Probe (Chrono Boost)  
  22  5:23  Stalker  
  22  5:27  Probe (Chrono Boost), Pylon  
  21  5:32  Robotics Facility  
  12  5:37  Probe (Chrono Boost)  
  2  5:49  Probe (Chrono Boost)  
  3  5:52  Stalker  
  3  6:00  Probe (Chrono Boost)  
  1  6:11  Probe (Chrono Boost)  
  1  6:20  Zealot  
  1  6:22  Probe (Chrono Boost)  
  4  6:33  Probe (Chrono Boost)  
  1  6:44  Probe (Chrono Boost)  
  2  6:51  Robotics Facility  
  2  6:54  Probe (Chrono Boost), Gateway  
  2  6:58  Pylon  
  3  7:05  Probe (Chrono Boost)  
  4  7:15  Probe (Chrono Boost), Nexus  
Tags
 
Add a new tag
Caveats
  • Supply blocks, unpowered buildings, or Contaminate may cause inaccurate times.
  • Supply counts are checked every 10 seconds.